 Dungeon Crawl Stone Soup version 0.26-a0-652-gafc20e3620 (webtiles) character file.

Game seed: 11763639351619128156

5 marklar909 the Sneak (level 1, -1/10 HPs)
             Began as a Kobold Enchanter on Oct 3, 2020.
             Slain by a hobgoblin
             ... wielding a +0 club
              (3 damage)
             ... on level 1 of the Dungeon.
             The game lasted 00:00:37 (628 turns).

marklar909 the Sneak (Kobold Enchanter)              Turns: 628, Time: 00:00:37

Health: -1/10      AC:  2    Str:  5    XL:     1   Next: 88%
Magic:  2/3        EV: 15    Int: 16    God:
Gold:   30         SH:  0    Dex: 15    Spells: 3/4 levels left

rFire    . . .     SeeInvis .   a - +1 dagger
rCold    . . .     Faith    .   (shield restricted)
rNeg     . . .     Spirit   .   b - +0 robe
rPois    .         Reflect  .   (no helmet)
rElec    .         Harm     .   (no cloak)
rCorr    .         Rampage  .   (no gloves)
MR       .....                  (no boots)
Stlth    ++++......             (no amulet)
HPRegen  0.03/turn              (no ring)
MPRegen  0.08/turn              (no ring)

@: no status effects
A: small, nightstalker 3
a: no special abilities


You were on level 1 of the Dungeon.
You visited 1 branch of the dungeon, and saw 1 of its levels.

You collected 30 gold pieces.

Inventory:

Hand Weapons
 a - a +1 dagger (weapon)
 f - a +0 short sword
Missiles
 e - 49 bolts
Armour
 b - a +0 robe (worn)
Scrolls
 d - a scroll of amnesia {unknown}
Potions
 c - a potion of flight {unknown}


   Skills:
 + Level 1.8 Short Blades
 + Level 2.6 Dodging
 + Level 4.1 Stealth
 + Level 2.1 Spellcasting
 + Level 3.1 Hexes


You had 3 spell levels left.
You knew the following spells:

 Your Spells              Type           Power        Failure   Level
a - Corona                Hex            ##.....      6%          1

Your spell library contained the following spells:

 Spells                   Type           Power        Failure   Level
 Ensorcelled Hibernation  Hex/Ice        #.....       16%         2
 Confusing Touch          Hex            ##......     17%         3
 Tukima's Dance           Hex            ##......     17%         3
 Dazzling Flash           Conj/Hex       #.....       32%         3


Dungeon Overview and Level Annotations

Branches:
Dungeon (1/15)

Altars:


Innate Abilities, Weirdness & Mutations

You are small and have problems with some larger weapons.
You are completely attuned to the shadows.


Message History

Aim: a hobgoblin, wielding a +0 club (chance to defeat MR: 64%)
The hobgoblin barely resists.
The hobgoblin misses you.
Unknown command.
You closely miss the hobgoblin. The hobgoblin misses you.
You barely miss the hobgoblin. You closely miss the hobgoblin.
The hobgoblin barely misses you.
You hit the hobgoblin.
The hobgoblin is heavily wounded.
The hobgoblin closely misses you.
You hit the hobgoblin but do no damage.
The hobgoblin is heavily wounded.
The hobgoblin hits you with a +0 club.
* * * LOW HITPOINT WARNING * * *
You hit the hobgoblin.
The hobgoblin is almost dead.
The hobgoblin closely misses you.
You hit the hobgoblin but do no damage.
The hobgoblin is almost dead.
The hobgoblin hits you with a +0 club.
You die...

#........##.## #.##........#
#..###.#.##.####.##.##.###.#
#..###.#.........##.##.# #.#
####......####'#######.##.# #.#
#.....#######...## #.#..# #.#
#.##### ##.....## #.#.## #.#
#.##.## ##.......## #.#.## #.#
###.#...####....g....###....###.#
...........'....@....+..........#
###.#...####)........####...#####
#.##.## ##....)..## ##.## #.####
##.....## ####.## #.#
#######...## #.....# #.#
#.........# #...#.## #.#
#.#####...# #..###.# #.# #.#
#...# #...#.## #.#####.#####...#
#.....#


You could see a hobgoblin.

Vanquished Creatures
  A giant cockroach (D:1)
  2 kobolds (D:1)
  A bat (D:1)
  A rat (D:1)
5 creatures vanquished.

Notes
Turn   | Place    | Note
-------+----------+-------------------------------------------
     0 | D:1      | marklar909 the Kobold Enchanter began the quest for the
                  | Orb.
     0 | D:1      | Reached XP level 1. HP: 10/10 MP: 3/3
   628 | D:1      | Slain by a hobgoblin

Illustrated notes

Levels and vault maps discovered:
D:1:      minmay_arrival_up_and_down, layout_loops_corners

Action                   || total
-------------------------++-------
Melee: Dagger            ||    32
 Cast: Corona            ||     4
 Stab: Sleeping          ||     1
Armor: Robe              ||     3
Dodge: Dodged            ||    20

Table legend: (Time is in decaauts)
 A = Elapsed time spent in this place.
 B = Non-inter-level travel time spent in this place.
 C = Inter-level travel time spent in this place.
 D = Time resting spent in this place.
 E = Time spent auto-exploring this place.
 F = Levels seen in this place.
 G = Mean time per level.
                   A        B        C        D        E       F      G
               +--------+--------+--------+--------+--------+-----+--------+
         Total |    625 |    625 |      0 |    235 |    274 |   1 |  625.0 |
       Dungeon |    625 |    625 |      0 |    235 |    274 |   1 |  625.0 |
               +--------+--------+--------+--------+--------+-----+--------+

Top non-repeatable levels by time:
     D:1: 625 daAuts
